 Dungeon Crawl Stone Soup version 0.31.0-12-g77e489cdc1 (webtiles) character file.

Game seed: 3386713638704843536

304 hawla the Shield-Bearer (level 6, -3/51 HPs)
             Began as a Minotaur Fighter on Feb 21, 2024.
             Slain by Duvessa
             ... wielding a +1 rapier of venom
              (15 damage)
             ... on level 5 of the Dungeon.
             The game lasted 00:06:16 (3305 turns).

hawla the Shield-Bearer (Minotaur Fighter)          Turns: 3305, Time: 00:06:18

Health: -3/51      AC:  8    Str: 23    XL:     6   Next: 15%
Magic:  20/20      EV: 10    Int:  5    God:
Gold:   72         SH:  4    Dex:  9    Spells: 5/5 levels left

rFire   . . .        a - +0 war axe (freeze)
rCold   . . .        c - +0 buckler
rNeg    . . .        b - +0 scale mail
rPois   .            (helmet restricted)
rElec   .            (no cloak)
rCorr   .            l - +0 pair of gloves {hurl}
SInv    .            (no boots)
Will    .....        r
                       - Hermit's Pendant {Faith Invo=14 Evo=0 MP+5} Stlth
                     (no ring)
HPRegen 0.28/turn    (no ring)
MPRegen 0.17/turn

%: faith
@: lethally poisoned (-3 -> -32)
A: horns 2, retaliatory headbutt
a: no special abilities


You were on level 5 of the Dungeon.
You visited 1 branch of the dungeon, and saw 5 of its levels.

You collected 187 gold pieces.
You spent 115 gold pieces at shops.

Inventory:

Hand Weapons
 a - a +0 war axe of freezing (weapon)
Missiles
 f - 8 poisoned darts (quivered)
Armour
 b - a +0 scale mail (worn)
 c - a +0 buckler (worn)
 l - a +0 pair of gloves of hurling (worn)
Jewellery
 r - the Hermit's Pendant (around neck) {Faith Invo=14 Evo=0 MP+5}
   (You found it on level 4 of the Dungeon)

   [amulet of faith]

   Invo=14: It sets your Invocations skill to 14.
   Evo=0: It sets your Evocations skill to 0.
   Faith:     It allows you to gain divine favour quickly.
   MP+5:      It affects your magic capacity (+5).
 s - a ring of protection from cold
Wands
 u - a wand of iceblast (7)
Scrolls
 i - 2 scrolls of teleportation
 m - a scroll of enchant armour {unknown}
 o - 3 scrolls of identify {unknown}
 p - a scroll of summoning {unknown}
 t - a scroll of amnesia {unknown}
Potions
 d - a potion of might
 g - 3 potions of attraction {unknown}
 h - 5 potions of heal wounds {unknown}
 j - a potion of brilliance {unknown}
 k - a potion of mutation {unknown}
 n - a potion of lignification {unknown}
 q - 2 potions of curing {unknown}


   Skills:
 - Level 3.6 Fighting
 + Level 4.6 Axes
 + Level 3.0 Throwing
 - Level 3.6 Armour
 - Level 3.0 Dodging
 - Level 5.0 Shields


You had 5 spell levels left.
You didn't know any spells.
Your spell library was empty.

Dungeon Overview and Level Annotations

Branches:
Dungeon (5/15)
 Temple: D:4-7

Altars:
Ashenzari
Dithmenos

Shops:
D:2 *

Annotations:
D:5 Duvessa


Innate Abilities, Weirdness & Mutations

You have a pair of horns on your head.
You reflexively headbutt those who attack you in melee.


Message History

Aim: Dowan, wielding a +0 dagger and wearing a +0 robe (very poisoned, 48% to hit)
You throw a poisoned dart. The poisoned dart closely misses Dowan.
Dowan casts a spell at you. You resist with some effort.
Throw: 9 darts (poison)
Press: ? - help, Q - select action, (/) - cycle Shift-Dir - straight line, f/p - Dowan
Aim: Dowan, wielding a +0 dagger and wearing a +0 robe (lightly wounded, very poisoned, 48% to hit)
You throw a poisoned dart. The poisoned dart hits Dowan.
Dowan looks even sicker.
Dowan is lightly wounded.
A bullfrog comes into view.
You slash Dowan! You freeze Dowan.
Dowan is almost dead.
Dowan closely misses you.
You closely miss Dowan.
Dowan is almost dead.
You barely miss Duvessa. Dowan hits you with a +0 dagger.
Duvessa hits you with a +1 rapier of venom.
You are poisoned.
You hit Dowan. You freeze Dowan. Your headbutt misses Dowan.
Dowan is almost dead.
You hit Duvessa. You freeze Duvessa.
You feel very sick.
You kill Dowan!
Duvessa screams in rage.
Duvessa goes berserk!
Duvessa hits you with a +1 rapier of venom!
You are lethally poisoned!
An adder comes into view.
The bullfrog barely misses you.
Your Throwing skill increases to level 3!
You have reached level 6!
As you read the scroll of fear, it crumbles to dust.
You assume a fearsome visage.
Duvessa is unaffected.
The adder looks frightened!
The bullfrog looks frightened!
* * * LOW HITPOINT WARNING * * *
You feel extremely sick. You block Duvessa's attack.
Duvessa hits you with a +1 rapier of venom!
You die...

#..........
#........?.#
##..........#
..........##
##..........#
..##...........#
#.<..(.........#
...#..e..>....#
#.....F)@......#
..####........##
##.......#
#######.# #


You could see Duvessa (berserk) and a bullfrog (fleeing).

Vanquished Creatures
  A scorpion (D:4)
  Dowan (D:5)
  A hound (D:4)
  6 gnolls
  5 adders
  2 dart slugs
  An orc (D:4)
  4 endoplasms
  3 giant cockroaches
  5 goblins
  5 hobgoblins
  6 quokkas
  8 ball pythons
  4 bats
  5 frilled lizards
  6 kobolds
  A rat (D:1)
64 creatures vanquished.

Notes
Turn   | Place    | Note
-------+----------+-------------------------------------------
     0 | D:1      | hawla the Minotaur Fighter began the quest for the Orb.
     0 | D:1      | Reached XP level 1. HP: 19/19 MP: 0/0
    36 | D:1      | Reached skill level 1 in Dodging
   508 | D:1      | Reached XP level 2. HP: 26/26 MP: 1/1
  1085 | D:2      | Reached XP level 3. HP: 14/31 MP: 2/2
  1705 | D:2      | Found Ihedun's General Store.
  1713 | D:2      | Bought a +0 pair of gloves of hurling for 115 gold pieces
  1805 | D:3      | Found a broken altar of Ashenzari.
  1839 | D:3      | Reached skill level 1 in Throwing
  1879 | D:3      | Reached skill level 4 in Shields
  1879 | D:3      | Reached XP level 4. HP: 39/39 MP: 3/3
  2658 | D:4      | Noticed a scorpion
  2667 | D:4      | Killed a scorpion
  2668 | D:4      | Reached XP level 5. HP: 41/45 MP: 4/4
  2905 | D:4      | Found the Hermit's Pendant {Faith Invo=14 Evo=0 MP+5}
  2914 | D:4      | Reached skill level 5 in Shields
  2925 | D:4      | Found a shadowy altar of Dithmenos.
  3296 | D:5      | Entered Level 5 of the Dungeon
  3296 | D:5      | Noticed Duvessa
  3296 | D:5      | Noticed Dowan
  3304 | D:5      | Killed Dowan
  3305 | D:5      | Reached XP level 6. HP: 20/51 MP: 15/15
  3305 | D:5      | Slain by Duvessa

Illustrated notes

Levels and vault maps discovered:
D:1:      heliophobic_arrival_henge, layout_loops_ring
D:2:      layout_basic, serial_shops, nicolae_shop_pleasant_corner_grove,
          serial_bayou_pond_d
D:3:      layout_basic, nicolae_ashenzari_panopticon, nicolae_grassy_gnolls
D:4:      layout_basic, grunt_dithmenos_smoke_and_mirrors, grunt_ministairs_11
D:5:      layout_rooms, uniq_duvessa

Skill      XL: |  1  2  3  4  5 |
---------------+----------------+-----
Dodging        | 1 3 |  3.0
Throwing       | 1 2 3 |  3.0
Axes           | 3 4 |  4.6
Shields        | 4 5 |  5.0
Fighting       | |  3.6
Armour         | |  3.6

Action                     |  1- 3 |  4- 6 || total
---------------------------+-------+-------++-------
  Melee: War axe           |    79 |    82 ||   161
         Headbutt          |     7 |     8 ||    15
  Throw: Dart              |       |     4 ||     4
    Use: Scroll            |     5 |     1 ||     6
 Armour: Scale mail        |    69 |    60 ||   129
  Dodge: Dodged            |    33 |    46 ||    79
  Block: Buckler           |    15 |    23 ||    38
